 Dungeon Crawl Stone Soup version 0.28-a0-577-gb193047a1f (webtiles) character file.

Game seed: 12391711313638205549

531906 Shayle the Tortoise (level 25, 0/225 HPs)
             Began as an Ogre Warper on Sept 30, 2021.
             Was a High Priest of Hepliaklqana.
             Killed from afar by an acid blob (36 damage)
             ... with a splash of acid
             ... on level 5 of the Pits of Slime on Oct 1, 2021.
             The game lasted 05:31:14 (60021 turns).

Shayle the Tortoise (Ogre Warper)                  Turns: 60021, Time: 05:31:14

Health: 0/225      AC:  0    Str: 32    XL:     25   Next: 67%
Magic:  51/53      EV:  7    Int: 15    God:    Hepliaklqana [*****.]
Gold:   3960       SH: 16    Dex: 17    Spells: 34/58 levels left

rFire   + + +      SeeInvis +   F - +12 trident "Gaitoups" {vorpal, rPois SInv}
rCold   + + .      Faith    .   T - +5 kite shield {rC+}
rNeg    + + .      Spirit   .   Q - +10 gold dragon scales "Hecock" {+Inv rElec rPois rF+ rC+ Regen+ Int-2}
rPois   +          Reflect  .   x - +2 hat {Will+}
rElec   +          Harm     .   V - +2 cloak
rCorr   .          Rampage  .   (gloves unavailable)
Will    +++..                   (boots unavailable)
Stlth   ..........              M - amulet of regeneration
HPRegen 2.47/turn               k - ring of the Duke {rF+ MP+9 Str+3 Dex+3}
MPRegen 0.33/turn               S - ring "Fimul" {rF+ rN++ Str+3 Int-3 Dex+6}

@: corroded, studying Conjurations
A: reduced essence, large, unfitting armour, tough skin 1, clever 1
}: 3/15 runes: decaying, serpentine, abyssal
a: Renounce Religion, Evoke Invisibility, Recall Ancestor, Ancestor Identity,
Transference, Idealise


You were on level 5 of the Pits of Slime.
You worshipped Hepliaklqana.
Hepliaklqana was extremely pleased with you.
You visited 10 branches of the dungeon, and saw 48 of its levels.
You visited the Abyss 3 times.
You also visited: Ice Cave and Volcano.

You collected 6390 gold pieces.
You spent 2430 gold pieces at shops.

Inventory:

Hand Weapons
 F - the +12 trident "Gaitoups" (weapon) {vorpal, rPois SInv}
   (You bought it in a shop on level 4 of the Dungeon)

   It inflicts extra damage upon your enemies.
   rPois:     It protects you from poison.
   SInv:      It lets you see invisible.
Missiles
 A - 73 large rocks
 I - 3 curare-tipped darts (quivered)
Armour
 f - a scarf of repulsion
 w - a +2 robe of willpower
 x - a +2 hat of willpower (worn)
 y - +0 acid dragon scales
 Q - the +10 gold dragon scales "Hecock" (worn) {+Inv rElec rPois rF+ rC+ Regen+ Int-2}
   (You acquired it on level 1 of the Snake Pit)

   Int:       It affects your intelligence (-2).
   rF:        It protects you from fire.
   rC:        It protects you from cold.
   rElec:     It insulates you from electricity.
   rPois:     It protects you from poison.
   +Inv:      It lets you turn invisible.
   Regen:     It increases your rate of health regeneration.
 T - a +5 kite shield of cold resistance (worn)
 V - a +2 cloak (worn)
Jewellery
 k - the ring of the Duke (left hand) {rF+ MP+9 Str+3 Dex+3}
   (You found it on level 2 of the Swamp)

   [ring of magical power]

   Str:       It affects your strength (+3).
   Dex:       It affects your dexterity (+3).
   rF:        It protects you from fire.
   MP:        It affects your magic capacity (+9).
 C - the amulet "Idghyd" {Spirit Drain rF+ rC++ Str+3}
   (You found it on level 3 of the Elven Halls)

   [amulet of guardian spirit]

   It causes incoming damage to be divided between your reserves of health and
   magic.
   Str:       It affects your strength (+3).
   rF:        It protects you from fire.
   rC:        It greatly protects you from cold.
   Drain:     It drains your maximum health when unequipped.
 E - an amulet of reflection
 M - an amulet of regeneration (around neck)
 S - the ring "Fimul" (right hand) {rF+ rN++ Str+3 Int-3 Dex+6}
   (You found it on level 4 of the Snake Pit)

   [ring of dexterity]

   Str:       It affects your strength (+3).
   Int:       It affects your intelligence (-3).
   Dex:       It affects your dexterity (+6).
   rF:        It protects you from fire.
   rN:        It greatly protects you from negative energy.
 X - a ring of resist corrosion
Wands
 a - a wand of iceblast (27)
 c - a wand of mindburst (38)
 e - a wand of paralysis (39)
 i - a wand of digging (14)
 H - a wand of flame (76)
 Z - a wand of acid (13)
Scrolls
 d - 4 scrolls of fog
 m - 2 scrolls of immolation
 q - 3 scrolls of magic mapping
 s - 10 scrolls of teleportation
 t - 28 scrolls of identify
 P - 4 scrolls of holy word
 R - 6 scrolls of blinking
 W - 3 scrolls of silence
 Y - 4 scrolls of fear
Potions
 b - 3 potions of might
 g - 4 potions of resistance
 l - a potion of heal wounds
 n - 6 potions of flight
 o - 6 potions of brilliance
 r - 20 potions of curing
 u - 4 potions of berserk rage
 v - 8 potions of haste
 B - 3 potions of magic
 D - 8 potions of lignification
 G - 3 potions of mutation
 J - a potion of cancellation
 N - a potion of ambrosia
 U - 10 potions of invisibility
Miscellaneous
 h - a condenser vane
 j - a lightning rod (4/4)
 p - a phantom mirror


   Skills:
 - Level 14.9 Fighting
 - Level 14.0 Polearms
 - Level 1.0 Throwing
 - Level 20.0 Armour
 - Level 4.6 Dodging
 - Level 9.0 Shields
 - Level 17.1 Spellcasting
 - Level 9.8 Translocations
 - Level 10.4 Transmutations
 + Level 14.7 Fire Magic
 - Level 10.4 Earth Magic
 - Level 18.3 Invocations
 - Level 6.1 Evocations


You had 34 spell levels left.
You knew the following spells:

 Your Spells              Type           Power      Damage    Failure   Level
a - Blink                 Tloc           N/A        N/A       1%          2
b - Teleport Other        Tloc           42%        N/A       2%          3
c - Manifold Assault      Tloc           42%        N/A       21%         5
d - Statue Form           Tmut/Erth      29%        N/A       63%         6
e - Ignition              Fire           27%        3d9       99%         8

Your spell library contained the following spells:

 Spells                   Type           Power      Damage    Failure   Level
 Beastly Appendage        Tmut           88%        N/A       1%          1
 Scorch                   Fire           100%       2d10      1%          2
 Wereblood                Tmut           44%        N/A       1%          2
 Gell's Gravitas          Tloc           21%        N/A       2%          3
 Lesser Beckoning         Tloc           42%        N/A       2%          3
 Conjure Flame            Conj/Fire      35%        6-21      6%          3
 Inner Flame              Hex/Fire       35%        N/A       6%          3
 Passage of Golubria      Tloc           N/A        N/A       7%          4
 Spider Form              Tmut/Pois      14%        N/A       14%         3
 Stone Arrow              Conj/Erth      56%        3d10      14%         3
 Portal Projectile        Hex/Tloc       54%        N/A       16%         3
 Blade Hands              Tmut           22%        N/A       16%         5
 Lee's Rapid Deconstruct  Erth           22%        3d13*     16%         5
 Flame Wave               Conj/Fire      35%        3d8       19%         4
 Freeze                   Ice            48%        1d7       38%         1
 Magic Dart               Conj           48%        1d5       38%         1
 Summon Small Mammal      Summ           48%        N/A       38%         1
 Animate Armour           Summ/Erth      56%        N/A       43%         4
 Ice Form                 Ice/Tmut       28%        N/A       43%         4
 Leda's Liquefaction      Hex/Erth       14%        N/A       43%         4
 Iskenderun's Mystic Bla  Conj/Tloc      27%        2d7       47%         4
 Fireball                 Conj/Fire      17%        3d9       47%         5
 Call Imp                 Summ           12%        N/A       52%         2
 Corpse Rot               Necr/Air       N/A        N/A       52%         2
 Ensorcelled Hibernation  Hex/Ice        24%        N/A       52%         2
 Poisonous Vapours        Pois/Air       24%        N/A       52%         2
 Searing Ray              Conj           24%        2d5       52%         2
 Slow                     Hex            12%        N/A       52%         2
 Call Canine Familiar     Summ           12%        N/A       77%         3
 Dazzling Flash           Conj/Hex       24%        N/A       77%         3
 Frozen Ramparts          Ice            24%        1d4       77%         3
 Mephitic Cloud           Conj/Pois/Air  12%        N/A       77%         3
 Summon Guardian Golem    Hex/Summ       12%        N/A       77%         3
 Tukima's Dance           Hex            12%        N/A       77%         3
 Irradiate                Conj/Tmut      14%        3d18      78%         5
 Yara's Violent Unravell  Hex/Tmut       14%        3d7       78%         5
 Summon Forest            Summ/Tloc      13%        N/A       83%         5
 Starburst                Conj/Fire      17%        6d6       96%         6
 Animate Dead             Necr           6%         N/A       99%         4
 Fulminant Prism          Conj/Hex       6%         3d7       99%         4
 Hailstorm                Conj/Ice       12%        3d5       99%         4
 Summon Ice Beast         Ice/Summ       12%        N/A       99%         4
 Dragon Form              Tmut           22%        N/A       99%         7
 Agony                    Necr           12%        N/A       100%        5
 Excruciating Wounds      Necr           6%         N/A       100%        5
 Iskenderun's Battlesphe  Conj           12%        2d7       100%        5
 Metabolic Englaciation   Hex/Ice        6%         N/A       100%        5
 Silence                  Hex/Air        6%         N/A       100%        5
 Summon Mana Viper        Hex/Summ       12%        N/A       100%        5
 Conjure Ball Lightning   Conj/Air       6%         3x3d6     100%        6
 Eringya's Noxious Bog    Tmut/Pois      14%        N/A       100%        6
 Invisibility             Hex            6%         N/A       100%        6
 Iron Shot                Conj/Erth      14%        9d4       100%        6
 Simulacrum               Ice/Necr       6%         N/A       100%        6
 Summon Cactus Giant      Summ           6%         N/A       100%        6
 Haunt                    Necr/Summ      6%         N/A       100%        7
 Monstrous Menagerie      Summ           6%         N/A       100%        7
 Orb of Destruction       Conj           6%         9d3       100%        7
 Spellforged Servitor     Conj/Summ      6%         N/A       100%        7
 Storm Form               Tmut/Air       14%        N/A       100%        7
 Summon Hydra             Summ           6%         N/A       100%        7
 Discord                  Hex            6%         N/A       100%        8
 Disjunction              Tloc           21%        N/A       100%        8
 Infestation              Necr           6%         N/A       100%        8
 Lehudib's Crystal Spear  Conj/Erth      14%        10d5      100%        8
 Chain Lightning          Conj/Air       6%         3d8       100%        9
 Fire Storm               Conj/Fire      17%        8d5       100%        9
 Shatter                  Erth           22%        3d19*     100%        9


Dungeon Overview and Level Annotations

Branches:
Dungeon (15/15)            Temple (1/1) D:6            Lair (6/6) D:8
  Swamp (4/4) Lair:4        Snake (4/4) Lair:2        Slime (5/5) Lair:5
    Orc (2/2) D:10            Elf (3/3) Orc:2        Vaults (4/5) D:14
  Crypt (0/3) Vaults:3     Depths (4/4) D:15            Zot (0/5) Depths:4
  IceCv (visited)         Volcano (visited)

Altars:
Ashenzari
Cheibriados
Dithmenos
Elyvilon
Fedhas
Gozag
Hepliaklqana
Kikubaaqudgha
Makhleb
Nemelex Xobeh
Okawaru
Qazlal
Ru
Sif Muna
Trog
Uskayaw
Vehumet
Wu Jian
Xom
Yredelemnul
Zin
The Shining One
Jiyva

Shops:
D:2 :   D:4 [*(   D:8 !   Orc:2 =*[(   Elf:2 *   Snake:1 **   Vaults:3 :*(*

Portals:
Hell: Depths:1 Depths:2 Depths:3 Depths:4
Abyss: Depths:1 Depths:2 Depths:3
Pandemonium: Depths:2 Depths:4
Ziggurat: Depths:3
Trove: Vaults:3 (give 5 scrolls of fear)

Annotations:
D:3 1 runed translucent door, Crazy Yiuf
D:4 2 runed translucent doors, Strewth's ghost, novice MiFi
Lair:5 1 runed translucent door
Swamp:4 3 runed translucent doors, Piask's ghost, adept FoAK
Snake:2 2 transporters
Slime:5 Royal Jelly


Innate Abilities, Weirdness & Mutations

Your life essence is reduced to manifest your ancestor. (-10% HP)
You are too large for most types of armour.
You have tough skin. (AC +1)
Your mind is acute. (Int +2)


Message History

Press: ? - help, Shift-Dir - straight line, f - acid blob
Aim: an acid blob (severely wounded)
The mass of ice explodes!
The iceblast engulfs the acid blob.
The acid blob is severely wounded.
Aiming: Iceblast
Press: ? - help, Shift-Dir - straight line, f/p - acid blob
Aim: an acid blob (severely wounded)
The mass of ice explodes!
The iceblast engulfs the acid blob!!
The acid blob is almost dead.
Unknown command.
Casting: Blink (safe; 1% risk of failure)
Confirm with . or Enter, or press ? or * to list all spells.
You blink.
The acid blob spits acid at you.
The splash of acid hits Septimus!
The acid corrodes Septimus!
The acid blob spits acid at you.
The splash of acid hits Septimus.
The acid blob spits acid at you. The splash of acid hits you!!
* * * LOW HITPOINT WARNING * * *
Unknown command.
Okay, then.
Aiming: Iceblast
Press: ? - help, Shift-Dir - straight line, f/p - acid blob
Aim: an acid blob (almost dead)
The mass of ice explodes!
The iceblast engulfs the acid blob!
The acid blob is almost dead.
The acid blob spits acid at you. The splash of acid hits you!!
* * * LOW HITPOINT WARNING * * *
An acid blob comes into view.
You feel much better.
Septimus is no longer covered in acid.
The acid blob spits acid at you. The splash of acid hits you!!
* * * LOW HITPOINT WARNING * * *
The acid corrodes you! The acid blob spits acid at you.
The splash of acid hits you!!!
You die...

#### ####....###
####..####...^.....#
##...................
##....................
##.....................
##......................
#.......................
#.......................
###......@................
####....<....................
##............................
##.............................
##.............................^
##.............J.................
.##................R...J.........
....................#..#ยง###.#...
#..................#####.# # ..


You could see the friendly Septimus the knight and 2 acid blobs.

Vanquished Creatures
  Xtahua (Depths:3)
  A caustic shrike (Depths:2)
  A golden dragon (Depths:4)
  the Enchantress (Depths:2)
  A shard shrike zombie (Abyss:3)
  A tentacled monstrosity (Swamp:1)
  Jorgrun (Swamp:2)
  A walking crystal tome (Depths:2)
  A lich (Depths:4)
  A quicksilver dragon (Depths:4)
  A deep elf master archer (Elf:3)
  2 sphinxes
  A tentacled starspawn (Abyss:5)
  8 acid blobs
  Roxanne (Swamp:1)
  A storm dragon (Depths:4)
  A draconian monk (Abyss:4)
  A shadow dragon (Depths:4)
  2 nagarajas
  3 azure jellies
  A tengu reaver (Depths:4)
  7 rockslimes
  A fenstrider witch (Swamp:4)
  2 deep elf sorcerers
  7 fire giants
  A daeva (Abyss:5)
  An iron dragon (Depths:1)
  An orc warlord (Vaults:4)
  8 vault wardens
  5 frost giants
  A cacodemon (Abyss:3)
  A draconian stormcaller (Depths:4)
  4 ironbound preservers
  A deep elf elementalist (Elf:3)
  Aizul (Swamp:1)
  2 stone giants
  13 very ugly things
  3 quicksilver oozes
  2 spriggan defenders (Depths:3)
  An ophan (Abyss:3)
  A green draconian (Depths:4)
  3 deep elf demonologists
  2 vampire knights
  2 black draconians (Depths:4)
  Nessos (D:15)
  8 dire elephants
  A white draconian (IceCv)
  4 spark wasps
  A bunyip (Swamp:1)
  3 deep elf annihilators (Elf:3)
  An entropy weaver (Vaults:3)
  An eleionoma (Swamp:2)
  4 deep elf death magi
  An eidolon (Vaults:3)
  An ettin (Depths:3)
  2 shambling mangroves
  A deep elf high priest (Elf:3)
  A fire dragon (shapeshifter) (Depths:2)
  Harold (Lair:1)
  5 great orbs of eyes
  5 vault guards (Vaults:1)
  A yaktaur captain (Vaults:3)
  6 fire dragons
  4 boulder beetles
  An ironbound thunderhulk (Vaults:2)
  3 ice dragons
  2 hell beasts
  10 naga warriors
  2 salamander tyrants
  17 hydras
  A ghost crab (Swamp:4)
  2 spriggan air magi
  Erica (D:11)
  7 ironbound frosthearts
  10 alligators
  5 centaur warriors
  2 tengu warriors
  A catoblepas (Lair:6)
  12 anacondas
  12 dancing weapons
  5 two-headed ogres
  2 deep troll shamans
  A hell hog (Volcano)
  A death yak (Lair:6)
  2 orc high priests (Orc:2)
  3 spriggan berserkers
  2 deep troll earth magi (Depths:3)
  2 vampire magi (Depths:1)
  8 naga sharpshooters
  A soul eater (Depths:4)
  5 shock serpents
  2 thrashing horrors (Abyss:5)
  12 deep elf knights
  2 hell knights (Depths:4)
  7 iron trolls
  A sixfirhy (Abyss:2)
  8 salamander mystics
  2 swamp dragons (Swamp:4)
  A goliath frog (shapeshifter) (Depths:4)
  2 goliath frogs
  2 flayed ghosts (Depths:2)
  17 ironbound convokers
  4 naga ritualists (Snake:4)
  4 skeletal warriors
  3 spriggan druids
  17 deep trolls
  A quicksilver dragon simulacrum (Depths:1)
  2 glowing orange brains
  6 deep elf archers
  8 bog bodies
  9 wizards
  5 orc knights
  A phantasmal warrior (Abyss:3)
  5 lindwurms
  A necromancer (D:15)
  11 deep elf pyromancers
  17 deep elf zephyrmancers
  An orange crystal statue (IceCv)
  An orb spider (shapeshifter) (Depths:2)
  6 mana vipers
  A harpy (Vaults:3)
  3 shining eyes
  20 salamanders
  42 ugly things
  2 tengu skeletons (Vaults:3)
  8 elephants
  5 cyclopes
  7 orc sorcerers
  2 worldbinders
  4 will-o-the-wisps
  3 manticores
  A stone giant skeleton (Vaults:3)
  A rust devil (Depths:2)
  Maurice (D:13)
  2 torpor snails (Lair:6)
  5 human skeletons (Vaults:3)
  2 centaur zombies (D:15)
  3 guardian serpents
  13 vault sentinels
  10 naga magi
  A frost giant skeleton (Vaults:3)
  A gargoyle (D:13)
  32 black mambas
  6 cane toads
  3 kobold demonologists
  8 yaktaurs
  2 efreet
  10 large abominations
  An unseen horror (D:12)
  11 rime drakes
  A tengu conjurer (Depths:1)
  5 komodo dragons
  3 ancient zymes
  A red devil (Depths:2)
  4 trolls
  A hellwing (Depths:2)
  An elf skeleton (Vaults:3)
  A wolf spider simulacrum (D:14)
  A jumping spider (shapeshifter) (D:15)
  4 hornets
  2 bloated husks
  15 polar bears
  A raiju (Abyss:2)
  7 tyrant leeches
  2 dream sheep (Lair:6)
  37 slime creatures
  An ettin zombie (Vaults:3)
  8 blink frogs
  3 air elementals
  An ettin skeleton (Vaults:3)
  3 shadows
  A wraith (D:13)
  A ynoxinul (Abyss:5)
  10 spriggans
  A tarantella (Vaults:3)
  2 redbacks
  A hog (Snake:3)
  52 yaks
  5 wyverns
  3 water elementals
  3 small abominations
  A basilisk (shapeshifter) (Elf:2)
  5 fire elementals
  2 golden eyes (Vaults:3)
  2 steam dragons (D:6)
  A spatial vortex (Abyss:3)
  10 fire bats
  17 vampire mosquitoes
  3 basilisks
  A chaos spawn (Abyss:3)
  4 wargs
  20 nagas
  11 swamp worms
  3 acid dragons (D:13)
  2 hell hounds (Volcano)
  10 orc warriors
  10 water moccasins
  2 ice beasts
  2 swamp drakes (Swamp:4)
  5 sky beasts
  3 black bears
  2 starcursed masses (Abyss:4)
  2 ogres
  3 boggarts (Vaults:3)
  31 wolves
  5 centaurs
  A phantom (D:7)
  2 kobold brigands (D:13)
  6 bullfrogs
  A gnoll sergeant (D:7)
  An earth elemental (Elf:2)
  A water moccasin zombie (D:5)
  20 killer bees
  7 wights
  2 electric eels (D:8)
  A howler monkey (D:9)
  A lava snake (D:9)
  5 jellies
  A bullfrog zombie (D:7)
  A quasit (Abyss:3)
  9 orc priests
  6 hounds
  A gnoll shaman (D:4)
  Terence (D:2)
  13 orc wizards
  Natasha (D:3)
  A killer bee zombie (D:4)
  2 howler monkey zombies
  Robin (D:3)
  2 howler monkey skeletons
  6 adders
  19 gnolls
  A shadow imp (D:7)
  2 white imps
  An adder skeleton (D:4)
  3 worms (D:2)
  2 dart slugs
  50 orcs
  3 bat zombies (D:8)
  6 endoplasms
  3 giant cockroaches
  10 goblins
  4 hobgoblins (D:3)
  5 jackals (D:3)
  13 kobolds
  5 quokkas
  2 ball pythons
  3 bats
  A frilled lizard (D:3)
  A quokka skeleton (D:4)
  5 rats
  A spectral orc (D:11)
  A lurking horror (Abyss:5)
  A starspawn tentacle (Abyss:5)
1215 creatures vanquished.

Vanquished Creatures (collateral kills)
  A juggernaut (Depths:4)
  Saint Roka (Snake:4)
  Vashnia (Snake:3)
  Nikola (Swamp:1)
  A golden dragon (Depths:3)
  2 bone dragons
  2 hellephants (Abyss:3)
  4 tentacled monstrosities
  2 deep elf blademasters (Elf:3)
  7 acid blobs
  A deep elf master archer (Elf:3)
  Frances (D:12)
  3 tentacled starspawn
  A thorn hunter (Swamp:2)
  Gastronok (D:11)
  2 sphinxes (Vaults:3)
  A shadow dragon (Depths:4)
  Kirke (Snake:3)
  A draconian knight (Depths:4)
  2 tengu reavers
  5 azure jellies
  3 rockslimes
  A vault warden (Vaults:2)
  A draconian monk (Abyss:5)
  A frost giant (IceCv)
  2 fire giants
  2 deep elf sorcerers (Elf:3)
  3 orc warlords
  A draconian shifter (Abyss:3)
  A draconian stormcaller (Abyss:3)
  3 ironbound preservers
  2 deep elf elementalists (Elf:3)
  A spriggan defender (Depths:3)
  11 very ugly things
  A quicksilver ooze (Slime:5)
  2 vampire knights (Depths:1)
  6 stone giants
  6 dire elephants
  5 spark wasps
  An entropy weaver (Vaults:2)
  4 deep elf annihilators (Elf:3)
  2 bunyips
  An eleionoma (Swamp:3)
  5 ettins
  2 fire dragons (Depths:1)
  5 deep elf death magi (Elf:3)
  A deep elf high priest (Elf:3)
  3 great orbs of eyes
  2 salamander tyrants (Snake:4)
  2 yaktaur captains
  3 ironbound thunderhulks
  6 ice dragons
  8 naga warriors
  A vault guard (Vaults:1)
  A rakshasa (Depths:3)
  A catoblepas (D:14)
  8 hydras
  A hell beast (Depths:1)
  3 boulder beetles
  A quicksilver dragon skeleton (Abyss:2)
  2 spriggan air magi
  4 ironbound frosthearts
  2 anacondas (shapeshifter) (Elf:3)
  4 anacondas
  3 centaur warriors
  3 alligators
  16 dancing weapons
  3 tengu warriors
  2 death yaks (Lair:6)
  A two-headed ogre (D:12)
  3 deep troll shamans
  4 deep troll earth magi
  A hell hog (Abyss:3)
  4 shock serpents
  An orc high priest (Orc:2)
  7 naga sharpshooters
  4 thrashing horrors
  4 hell knights (Depths:4)
  3 soul eaters
  Sonja (D:13)
  4 iron trolls
  4 spriggan berserkers
  4 salamander mystics
  Nergalle (D:12)
  2 wretched stars
  3 skeletal warriors
  12 deep elf knights
  17 deep trolls
  3 spatial maelstroms
  2 spriggan druids
  2 bog bodies
  8 deep elf archers
  An anaconda zombie (Abyss:3)
  4 naga ritualists
  3 swamp dragons
  11 lindwurms
  2 necromancers
  2 orc knights
  12 deep elf zephyrmancers
  20 deep elf pyromancers
  5 ironbound convokers
  7 wizards
  6 mana vipers
  A worldbinder (Abyss:4)
  3 orc sorcerers
  4 manticores
  12 salamanders
  A will-o-the-wisp (Swamp:3)
  40 ugly things
  2 cyclopes
  14 black mambas
  6 naga magi
  3 elephants (Abyss:3)
  5 vault sentinels
  4 guardian serpents
  2 elf skeletons (Vaults:3)
  A rust devil (Depths:2)
  4 torpor snails (Lair:6)
  A centaur skeleton (D:15)
  Psyche (D:11)
  An orange demon (Depths:2)
  A smoke demon (Abyss:5)
  2 eyes of devastation
  7 cane toads
  2 kobold demonologists
  9 rime drakes
  A komodo dragon (Lair:5)
  An efreet (Abyss:5)
  A demonic crawler (Abyss:3)
  A hellwing (Abyss:3)
  A yaktaur skeleton (Vaults:3)
  3 ancient zymes
  3 yaktaurs
  A bloated husk (Swamp:4)
  2 human skeletons (Vaults:3)
  2 trolls
  4 polar bears (IceCv)
  2 dream sheep
  47 slime creatures
  10 hornets
  5 blink frogs
  5 tyrant leeches
  A centaur simulacrum (D:15)
  A starcursed mass (Abyss:4)
  5 redbacks
  3 spriggans (Swamp:3)
  A ynoxinul (Abyss:5)
  2 air elementals
  2 shadows (Abyss:3)
  A tarantella (shapeshifter) (Elf:3)
  17 yaks
  4 water elementals
  2 fire bats (Volcano)
  2 wraiths
  2 hogs (Snake:3)
  7 large abominations
  2 basilisks (Lair:6)
  9 vampire mosquitoes
  A neqoxec (Depths:2)
  4 chaos spawn
  4 spatial vortices
  3 swamp worms
  A warg (Snake:4)
  An acid dragon (D:12)
  A human zombie (Vaults:3)
  26 nagas
  A water moccasin (Lair:2)
  4 swamp drakes
  A black bear (Lair:2)
  8 orc warriors
  3 ogres
  6 wolves
  A kobold brigand (D:9)
  4 small abominations
  3 earth elementals
  10 killer bees
  2 howler monkeys
  2 electric eels
  A lava snake (Elf:2)
  4 centaur zombies
  An iron imp (Abyss:3)
  10 orc priests
  A jelly (Depths:3)
  14 orc wizards
  A shadow imp (D:8)
  11 orcs
  3 kobolds
  A rat zombie (D:8)
  A fire vortex (Elf:2)
771 creatures vanquished.

Vanquished Creatures (others)
  A vault warden (Vaults:1)
  A deep elf death mage (Elf:2)
  3 centaur warriors
  A dancing weapon (Elf:2)
  3 naga sharpshooters (Snake:4)
  2 spriggan druids
  A necromancer (Depths:4)
  A deep elf zephyrmancer (Elf:2)
  A naga mage (Snake:4)
  2 spriggans
  A yak (D:8)
  A naga (Snake:4)
  33 knights
  5 ancestors
  An orc (Snake:4)
  12 foxfires
  18 fungi
  94 plants
  9 starspawn tentacles
  17 toadstools
207 creatures vanquished.

Grand Total: 2193 creatures vanquished

Notes
Turn   | Place    | Note
-------+----------+-------------------------------------------
     0 | D:1      | Shayle the Ogre Warper began the quest for the Orb.
     0 | D:1      | Reached XP level 1. HP: 22/22 MP: 3/3
   641 | D:1      | Reached XP level 2. HP: 29/29 MP: 5/5
   685 | D:1      | Found a faded altar of an unknown god.
  1150 | D:2      | Reached XP level 3. HP: 31/37 MP: 6/6
  1252 | D:2      | Noticed Terence
  1408 | D:3      | Found a white marble altar of Elyvilon.
  1840 | D:3      | Reached XP level 4. HP: 42/46 MP: 7/7
  1966 | D:3      | Learned a level 2 spell: Blink
  1970 | D:3      | Learned a level 3 spell: Teleport Other
  2015 | D:3      | Found a runed translucent door.
  2016 | D:3      | Noticed Crazy Yiuf
  2077 | D:2      | Killed Terence
  2291 | D:2      | Found Uxtuin's Book Shoppe.
  2848 | D:2      | Reached XP level 5. HP: 54/54 MP: 8/8
  3515 | D:3      | Noticed Natasha
  3536 | D:3      | Noticed Robin
  3542 | D:3      | Killed Natasha
  3576 | D:3      | Killed Robin
  3577 | D:3      | Reached XP level 6. HP: 25/63 MP: 9/9
  3850 | D:4      | Found Oceps's Armour Shoppe.
  3851 | D:4      | Found Ywaczior's Antique Weapon Emporium.
  4143 | D:4      | Noticed a sky beast
  4161 | D:4      | Killed a sky beast
  4162 | D:4      | Reached skill level 5 in Fighting
  4162 | D:4      | Reached skill level 5 in Polearms
  4469 | D:4      | Reached XP level 7. HP: 26/72 MP: 10/10
  5129 | D:4      | Found Yferph's Assorted Antiques.
  5209 | D:4      | Noticed a fire elemental
  5211 | D:4      | Found a stormy altar of Qazlal.
  5215 | D:4      | Noticed a water elemental
  5215 | D:4      | Noticed an air elemental
  5261 | D:4      | Found a runed translucent door.
  5315 | D:4      | Found a runed translucent door.
  5319 | D:4      | Noticed Strewth's ghost (novice MiFi)
  5568 | D:5      | Entered Level 5 of the Dungeon
  6341 | D:6      | Found a sacrificial altar of Ru.
  6448 | D:6      | Reached XP level 8. HP: 68/84 MP: 11/11
  6872 | D:6      | Found a staircase to the Ecumenical Temple.
  6887 | Temple   | Entered the Ecumenical Temple
  7130 | Temple   | Became a worshipper of Hepliaklqana the Forgotten
  7565 | D:5      | Reached skill level 1 in Armour
  7806 | D:4      | Bought a warped trident for 178 gold pieces
  7806 | D:4      | Identified the +12 trident "Gaitoups" {vorpal, rPois SInv}
                  | (You bought it in a shop on level 4 of the Dungeon)
  7877 | D:4      | Learned a level 5 spell: Manifold Assault
  8056 | D:6      | Found a glowing silver altar of Zin.
  8161 | D:6      | Reached skill level 1 in Invocations
  8161 | D:6      | Reached XP level 9. HP: 70/93 MP: 14/14
  8315 | D:7      | Reached skill level 2 in Armour
  8409 | D:7      | Reached * piety under Hepliaklqana
  8495 | D:7      | Noticed a komodo dragon
  8660 | D:7      | Killed a komodo dragon
  8905 | D:8      | Reached skill level 5 in Translocations
  8908 | D:8      | Reached skill level 3 in Armour
  9191 | D:7      | Identified the +1 robe of Macatiaxul {*Corrode rElec Str+3}
  9311 | D:7      | Reached XP level 10. HP: 65/95 MP: 15/15
  9493 | D:7      | Found a hide-covered altar of Uskayaw.
  9765 | D:8      | Found a staircase to the Lair.
  9919 | Lair:1   | Entered Level 1 of the Lair of Beasts
 10139 | Lair:1   | Reached skill level 4 in Armour
 10180 | Lair:1   | Reached skill level 5 in Invocations
 10597 | Lair:1   | Noticed Harold
 10609 | Lair:1   | Killed Harold
 10610 | Lair:1   | Reached XP level 11. HP: 105/105 MP: 16/16
 10663 | Lair:1   | Reached skill level 10 in Fighting
 10918 | Lair:1   | Reached ** piety under Hepliaklqana
 10919 | Lair:1   | Remembered your ancestor Septimus as a knight
 11431 | Lair:2   | Noticed a six-headed hydra
 11443 | Lair:2   | Killed a six-headed hydra
 11444 | Lair:2   | Reached skill level 5 in Armour
 11480 | Lair:2   | Found a staircase to the Snake Pit.
 11998 | Lair:2   | Noticed a four-headed hydra
 12007 | Lair:2   | Killed a four-headed hydra
 12520 | Lair:3   | Reached skill level 10 in Polearms
 12531 | Lair:3   | Reached XP level 12. HP: 83/117 MP: 3/17
 13555 | Lair:4   | Found a staircase to the Swamp.
 13846 | Lair:4   | Reached skill level 6 in Armour
 14058 | Lair:4   | Reached *** piety under Hepliaklqana
 15120 | Lair:5   | Reached skill level 1 in Evocations
 15129 | Lair:5   | Found a viscous altar of Jiyva.
 15144 | Lair:5   | Found a staircase to the Slime Pits.
 15387 | Lair:5   | Reached **** piety under Hepliaklqana
 15687 | Lair:5   | Reached XP level 13. HP: 120/126 MP: 13/20
 15778 | Lair:5   | Noticed a dire elephant
 15799 | Lair:5   | Found a runed translucent door.
 16559 | Lair:6   | Entered Level 6 of the Lair of Beasts
 16573 | Lair:6   | Reached skill level 5 in Spellcasting
 16683 | Lair:6   | Found a dark tunnel.
 16688 | Volcano  | Entered a volcano
 16713 | Volcano  | Noticed a fire dragon
 16718 | Volcano  | Reached skill level 1 in Shields
 16725 | Volcano  | Killed a fire dragon
 16837 | Volcano  | Identified the +1 pair of gloves of Creativity {rElec rF+
                  | rN+ Int+3}
 17146 | Lair:6   | Reached skill level 7 in Armour
 17168 | Lair:6   | Reached ***** piety under Hepliaklqana
 17920 | Lair:6   | Found a runed translucent door.
 17921 | Lair:6   | Noticed an ice dragon
 17993 | Lair:6   | Reached XP level 14. HP: 115/137 MP: 23/23
 18642 | Lair:6   | Reached skill level 10 in Invocations
 19279 | D:8      | Found a blossoming altar of Fedhas.
 19299 | D:8      | Found Nibieff's Distillery.
 19432 | D:8      | Found a burning altar of Makhleb.
 19496 | D:8      | Bought a potion of curing for 36 gold pieces
 19496 | D:8      | Bought a potion of curing for 36 gold pieces
 19496 | D:8      | Bought a potion of curing for 36 gold pieces
 19496 | D:8      | Bought a potion of berserk rage for 60 gold pieces
 19496 | D:8      | Bought a potion of lignification for 36 gold pieces
 19496 | D:8      | Bought a potion of heal wounds for 60 gold pieces
 19496 | D:8      | Bought a potion of heal wounds for 60 gold pieces
 19496 | D:8      | Bought a potion of curing for 36 gold pieces
 19586 | Lair:1   | Reached XP level 15. HP: 145/145 MP: 25/25
 19650 | D:8      | Found an ancient bone altar of Kikubaaqudgha.
 20901 | D:10     | Entered Level 10 of the Dungeon
 20968 | D:10     | Found a snail-covered altar of Cheibriados.
 20981 | D:10     | Identified the +10 quarterstaff "Wure" {flame, rC++ rN+
                  | Will++ Str-3}
 21469 | D:10     | Found a staircase to the Orcish Mines.
 21558 | Orc:1    | Entered Level 1 of the Orcish Mines
 21848 | Orc:2    | Entered Level 2 of the Orcish Mines
 21977 | Orc:2    | Reached skill level 8 in Armour
 21990 | Orc:2    | Noticed an orc warlord
 21991 | Orc:2    | Reached skill level 5 in Evocations
 22212 | Orc:1    | You fall into a shaft and drop 1 floor!
 23181 | Orc:2    | Killed an orc warlord
 23307 | Orc:2    | Found a staircase to the Elven Halls.
 23407 | Orc:2    | Found Kushes's General Store.
 23408 | Orc:2    | Found Yskittot's Jewellery Shop.
 23410 | Orc:2    | Found Elaen's Antique Armour Boutique.
 23410 | Orc:2    | Found Fadebo Ceri's Antique Weapon Boutique.
 23425 | Orc:2    | Bought a potion of degeneration for 15 gold pieces
 23436 | Orc:2    | Bought an embroidered hat for 126 gold pieces
 23989 | D:11     | Noticed Psyche
 23997 | D:11     | Killed Psyche
 24483 | D:11     | Noticed Gastronok
 24498 | D:11     | Killed Gastronok
 24499 | D:11     | Reached XP level 16. HP: 156/156 MP: 4/28
 24813 | D:11     | Noticed Erica
 24820 | D:11     | Killed Erica
 24909 | D:11     | Identified the ring "Kogal" {*Slow rPois Str-5 SInv Stlth+}
 25052 | D:11     | Found a hazy altar of Hepliaklqana.
 25685 | D:12     | Noticed Nergalle
 25696 | D:12     | Killed Nergalle
 25985 | D:12     | Noticed Frances
 25995 | D:12     | Killed Frances
 26346 | Swamp:1  | Entered Level 1 of the Swamp
 26469 | Swamp:1  | Noticed Aizul
 26551 | Swamp:1  | Killed Aizul
 26641 | Swamp:1  | Noticed Nikola
 26784 | Swamp:1  | Killed Nikola
 26944 | Swamp:1  | Noticed Roxanne
 27225 | Swamp:1  | Killed Roxanne
 27263 | Swamp:1  | Learned a level 6 spell: Statue Form
 27324 | Swamp:1  | Reached skill level 1 in Transmutations
 27324 | Swamp:1  | Reached skill level 1 in Earth Magic
 27333 | Swamp:1  | HP: 4/156 [alligator[a spriggan druid] (14)]
 27437 | Swamp:1  | Noticed a tentacled monstrosity
 27451 | Swamp:1  | Killed a tentacled monstrosity
 28103 | Swamp:2  | Noticed Jorgrun
 28121 | Swamp:2  | Killed Jorgrun
 28392 | Swamp:2  | Noticed a thorn hunter
 28407 | Swamp:2  | Killed a thorn hunter
 28640 | Swamp:2  | Identified the ring of the Duke {rF+ MP+9 Str+3 Dex+3}
 29247 | Swamp:3  | Reached XP level 17. HP: 163/163 MP: 5/29
 29767 | Swamp:4  | Entered Level 4 of the Swamp
 30014 | Swamp:4  | Found a runed translucent gate.
 30014 | Swamp:4  | Found a runed translucent gate.
 30016 | Swamp:4  | Found a runed translucent gate.
 30032 | Swamp:4  | Reached skill level 5 in Earth Magic
 30214 | Swamp:4  | Reached skill level 5 in Transmutations
 31259 | Swamp:4  | Noticed Piask's ghost (adept FoAK)
 31738 | Swamp:4  | Got a decaying rune of Zot
 32313 | Snake:1  | Entered Level 1 of the Snake Pit
 32478 | Snake:1  | Found Keupe's Assorted Antiques.
 32478 | Snake:1  | Found Dougg's Assorted Antiques.
 32494 | Snake:1  | Bought a scroll labelled USEOTY ISOEL for 36 gold pieces
 32494 | Snake:1  | Acquired the +10 gold dragon scales "Hecock" {+Inv rElec
                  | rPois rF+ rC+ Regen+ Int-2}
 32795 | Snake:1  | Reached skill level 9 in Armour
 33438 | Snake:1  | You fall into a shaft and drop 1 floor!
 33599 | Snake:2  | Reached XP level 18. HP: 172/172 MP: 30/30
 33600 | Snake:2  | Found a transporter.
 33648 | Snake:2  | Found a frozen archway.
 33678 | IceCv    | Entered an ice cave
 34224 | IceCv    | Reached skill level 10 in Armour
 34648 | Snake:2  | Found a transporter.
 35664 | Snake:3  | Reached skill level 10 in Transmutations
 35664 | Snake:3  | Reached skill level 10 in Earth Magic
 35892 | Snake:3  | Noticed Vashnia
 35908 | Snake:3  | Reached skill level 11 in Armour
 35916 | Snake:3  | Killed Vashnia
 36004 | Snake:3  | Reached XP level 19. HP: 180/180 MP: 31/31
 36183 | Snake:3  | Noticed Kirke
 36196 | Snake:3  | Killed Kirke
 36439 | Snake:4  | Entered Level 4 of the Snake Pit
 36589 | Snake:4  | Found the +0 pair of fencer's gloves {Riposte Dex+3}
 36725 | Snake:4  | Reached skill level 12 in Armour
 36808 | Snake:4  | Noticed Saint Roka
 36828 | Snake:4  | Killed Saint Roka
 37183 | Snake:4  | Reached skill level 13 in Armour
 37678 | Snake:4  | Identified the ring "Fimul" {rF+ rN++ Str+3 Int-3 Dex+6}
 37884 | Snake:4  | Reached skill level 14 in Armour
 37954 | Snake:4  | Got a serpentine rune of Zot
 38720 | D:13     | Noticed Sonja
 38727 | D:13     | Killed Sonja
 38799 | D:13     | Noticed Maurice
 38809 | D:13     | Killed Maurice
 38977 | D:13     | Reached XP level 20. HP: 188/188 MP: 32/32
 39529 | D:14     | Reached skill level 15 in Armour
 39743 | D:14     | Found a gate to the Vaults.
 39987 | D:14     | Found an opulent altar of Gozag.
 40293 | D:15     | Entered Level 15 of the Dungeon
 40543 | D:15     | Found a staircase to the Depths.
 40816 | D:15     | Noticed Nessos
 40830 | D:15     | Killed Nessos
 41162 | Vaults:1 | Entered Level 1 of the Vaults
 41307 | Vaults:1 | Reached skill level 16 in Armour
 42106 | Vaults:1 | Reached skill level 17 in Armour
 42663 | Vaults:2 | Reached XP level 21. HP: 180/195 MP: 33/33
 42768 | Vaults:2 | Reached skill level 18 in Armour
 43693 | Vaults:3 | Found Henkubb's Book Shop.
 43693 | Vaults:3 | Found a portal to a secret trove of treasure.
 43952 | Vaults:3 | Found Fiblysm's General Store.
 43996 | Vaults:3 | Bought 2 potions of curing for 72 gold pieces
 44157 | Vaults:3 | Reached skill level 19 in Armour
 44288 | Vaults:3 | Found Ubloigal's Antique Weapon Shop.
 44498 | Vaults:3 | Found a staircase to the Crypt.
 44693 | Vaults:3 | Found Dobron's Assorted Antiques.
 44714 | Vaults:3 | Bought a scroll of blinking for 255 gold pieces
 45214 | Vaults:3 | Got the Reference Book on Beguiling
 45839 | Vaults:4 | Reached skill level 20 in Armour
 46226 | Vaults:4 | Reached XP level 22. HP: 113/203 MP: 35/35
 46744 | Depths:1 | Entered Level 1 of the Depths
 46848 | Depths:1 | Reached skill level 10 in Spellcasting
 46857 | Depths:1 | Found a hide-covered altar of Uskayaw.
 47151 | Depths:1 | Found a gateway to Hell.
 47312 | Depths:1 | Found a one-way gate to the infinite horrors of the Abyss.
 48000 | Depths:2 | Found a radiant altar of Vehumet.
 48220 | Depths:2 | Found a one-way gate leading to the halls of Pandemonium.
 48571 | Depths:2 | Noticed a caustic shrike
 48592 | Depths:2 | Killed a caustic shrike
 49014 | Depths:3 | Noticed a golden dragon
 49032 | Depths:3 | Killed a golden dragon
 49074 | Depths:3 | Identified the +1 leather armour "Tekk" {rC+}
 49123 | Depths:3 | Reached skill level 15 in Invocations
 49126 | Depths:3 | Reached XP level 23. HP: 202/210 MP: 40/40
 49315 | Depths:3 | Noticed Xtahua
 49330 | Depths:3 | Paralysed by Xtahua for 6 turns
 49337 | Depths:3 | Killed Xtahua
 49383 | Depths:3 | Found a gateway to a ziggurat.
 49521 | Depths:3 | Found a broken altar of Ashenzari.
 49679 | Depths:3 | Noticed the Enchantress
 49731 | Depths:2 | Cast into level 2 of the Abyss (the Enchantress)
 49808 | Depths:2 | Escaped the Abyss
 49841 | Depths:2 | Killed the Enchantress
 50344 | Depths:4 | Entered Level 4 of the Depths
 50580 | Depths:4 | Noticed a juggernaut
 50605 | Depths:4 | Killed a juggernaut
 50606 | Depths:4 | Reached skill level 15 in Spellcasting
 51236 | Depths:4 | Found a blossoming altar of Fedhas.
 51236 | Depths:4 | Noticed a golden dragon
 51251 | Depths:4 | Killed a golden dragon
 51317 | Depths:4 | Found a gate to the Realm of Zot.
 51706 | Depths:4 | Upgraded the game from 0.28-a0-563-gf77a47075d to
                  | 0.28-a0-577-gb193047a1f
 52192 | Orc:2    | Bought a scroll of fear for 52 gold pieces
 52239 | Elf:1    | Entered Level 1 of the Elven Halls
 52264 | Elf:1    | Paralysed by an air elemental for 1 turns
 52273 | Elf:1    | You fall into a shaft and drop 1 floor!
 52462 | Elf:1    | Found an ancient bone altar of Kikubaaqudgha.
 52507 | Elf:1    | Reached XP level 24. HP: 218/218 MP: 43/43
 52635 | Elf:1    | Paralysed by an air elemental for 1 turns
 52650 | Elf:1    | Acquired 381 gold pieces
 53285 | Elf:2    | Paralysed by an air elemental for 1 turns
 53348 | Elf:2    | Found Iffepsou's Elven Fire.
 53357 | Elf:2    | Bought the Guide on Ignition for 920 gold pieces
 53366 | Elf:2    | Learned a level 8 spell: Ignition
 53376 | Elf:2    | Identified the +9 quarterstaff of Funk {vorpal, rN+ Will+
                  | Stlth+}
 53505 | Elf:1    | Found a shimmering blue altar of Sif Muna.
 53536 | Elf:2    | Reached skill level 1 in Fire Magic
 53684 | Elf:2    | Found a runed translucent gate.
 53685 | Elf:2    | Found a runed translucent gate.
 53685 | Elf:2    | Found a runed translucent gate.
 53860 | Elf:2    | Reached skill level 5 in Fire Magic
 53978 | Elf:3    | Entered Level 3 of the Elven Halls
 54392 | Elf:3    | Identified the ring "Unoxkeask" {rElec rN+ SInv}
 54397 | Elf:3    | Identified the amulet "Idghyd" {Spirit Drain rF+ rC++
                  | Str+3}
 54455 | Elf:3    | Identified the ring of Suceruh {+Blink rC+ Str+4 Int-3
                  | Slay+4}
 54954 | Elf:3    | Paralysed by an air elemental for 1 turns
 55731 | Depths:3 | Voluntarily entered the Abyss.
 55732 | Abyss:1  | Found a transporter.
 55734 | Abyss:1  | Found a corrupted altar of Lugonu.
 55805 | Abyss:3  | Found a corrupted altar of Lugonu.
 55809 | Abyss:4  | Found a corrupted altar of Lugonu.
 55984 | Abyss:4  | Reached skill level 10 in Fire Magic
 56046 | Abyss:5  | Entered Level 5 of the Abyss
 56258 | Abyss:5  | Reached XP level 25. HP: 187/225 MP: 44/44
 56273 | Depths:3 | Escaped the Abyss
 56350 | Depths:2 | Voluntarily entered the Abyss.
 56608 | Abyss:3  | Found a radiant altar of Vehumet.
 56751 | Abyss:3  | Found a corrupted altar of Lugonu.
 56757 | Abyss:3  | Got an abyssal rune of Zot
 56871 | Depths:2 | Escaped the Abyss
 57350 | Orc:2    | Bought a glowing robe for 66 gold pieces
 57515 | D:4      | Bought an embroidered robe for 77 gold pieces
 57515 | D:4      | Bought a potion of haste for 210 gold pieces
 57515 | D:4      | Bought a scroll of teleportation for 63 gold pieces
 57984 | Slime:1  | Entered Level 1 of the Pits of Slime
 58796 | Slime:5  | Entered Level 5 of the Pits of Slime
 59155 | Slime:5  | Found a viscous altar of Jiyva.
 59155 | Slime:5  | Noticed the Royal Jelly
 59207 | Slime:1  | Gained mutation: Armour fits poorly on your strangely
                  | shaped body. [a shining eye]
 59215 | Slime:2  | Lost mutation: Armour fits poorly on your strangely shaped
                  | body. [potion of mutation]
 59215 | Slime:2  | Gained mutation: You are frail. (-10% HP) [potion of
                  | mutation]
 59216 | Slime:2  | Lost mutation: You are frail. (-10% HP) [potion of
                  | mutation]
 59216 | Slime:2  | Gained mutation: Your mind is acute. (Int +2) [potion of
                  | mutation]
 60021 | Slime:5  | Killed from afar by an acid blob

Illustrated notes

Levels and vault maps discovered:
D:1:      noname_arrival_rooms_in_the_neighbourhood, layout_basic,
          ebering_ecumenical_altar_rust, grunt_decor_clamped
D:2:      layout_basic, serial_shops, nicolae_shop_waterfront,
          grunt_ministairs_11, uniq_terence
D:3:      layout_basic, elyvilon_altar_1, uniq_crazy_yiuf_cottage, uniq_robin,
          uniq_natasha
D:4:      layout_loops_cross, nicolae_qazlal_style_of_elements, serial_shops,
          shop, nicolae_shop_overgrown_old_shop, nicolae_shop_waterfront,
          ebering_ghost_sewer_f
D:5:      layout_rooms
D:6:      layout_gridville, amcnicky_altar_gilded,
          lemuel_coloured_pillars_altar, minmay_temple_entry_statues
D:7:      layout_basic, lemuel_doored_altar, kennysheep_boxes
D:8:      layout_cave_pools, lemuel_zombie_altar_kikubaaqudgha,
          mainiacjoe_overflow_swirl, erik_lair_island,
          nicolae_inconvenience_store
D:9:      layout_stronghold, kennysheep_island_fort
D:10:     layout_irregular_city, mainiacjoe_overflow_cross_hatched,
          hiddenorc1_lemuel
D:11:     layout_gridville, serial_park_tiny_2, grunt_ministairs_14,
          mumra_transporter_accident, nicolae_hepliaklqana_monster_ancestors,
          uniq_erica, uniq_psyche, uniq_gastronok
D:12:     layout_roguey, uniq_nergalle, uniq_frances
D:13:     nzn_winding_woodlands_cross [nzn_winding_woodlands_5x15_crooked,
          nzn_winding_woodlands_5x15_sawtooth,
          nzn_winding_woodlands_5x15_jagged, nzn_winding_woodlands_5x15_eye,
          nzn_winding_woodlands_15x15_boxy_spiral], layout_rooms,
          glass_columns_c, uniq_maurice, uniq_sonja
D:14:     layout_irregular_city, skrybe_vaults_entry_preservation,
          nicolae_gozag_cash_rules_everything_around_me
D:15:     grunt_enter_depths_magical_seal, layout_basic,
          hangedman_decor_slide_cut, grunt_decor_mini_mirrors, uniq_nessos
Temple:   nicolae_temple_figure_eight
Lair:1:   layout_small_grid, serial_bayou_shore_a, grunt_megastairs_3,
          uniq_harold
Lair:2:   layout_roguey, minmay_snake_entry_guardpost_small, lemuel_fruit_tree
Lair:3:   layout_hall_layers, grunt_forest_stairs_clearing,
          infiniplex_staircase_pool_2, grunt_megastairs_2
Lair:4:   layout_cave_pods, minmay_swamp_entry_swarm, serial_rivers,
          chequers_serial_rivers_room_b, chequers_serial_rivers_large_b,
          chequers_serial_rivers_micro_e, chequers_serial_rivers_small_3,
          grunt_forest_small_clearing_treed
Lair:5:   gammafunk_lair_enchanted_lake, layout_layer_cave, slime_altar_1
Lair:6:   wormcave, layout_regular_city, hangedman_lair_in_review,
          nicolae_volcano_entry_s_turn
Swamp:1:  layout_basic_swamp, nicolae_swamp_oxbows, uniq_nikola, uniq_roxanne,
          uniq_aizul
Swamp:2:  cheibrodos_swamp_tower_of_moss, layout_basic_swamp,
          evilmike_swamp_ruin_house_1, swamp_pool4, uniq_jorgrun
Swamp:3:  layout_basic_swamp, evilmike_swamp_ruin_house_6,
          infiniplex_staircase_pool
Swamp:4:  swamp_basic_johnstein, layout_basic_swamp, gammafunk_ghost_necromancy,
          swamp_pool3
Snake:1:  layout_misc_corridors, minmay_shoptagon
Snake:2:  gammafunk_its_a_trap, layout_gridlike,
          portal_ice_cave_entry_ugly_swarm, hangedman_snake_pattern,
          serial_bayou_pond_a
Snake:3:  layout_basic, grunt_ministairs_12, nicolae_snake_snakewalk,
          uniq_kirke, uniq_vashnia
Snake:4:  grunt_snake_rune_pools, layout_rooms, st_stairs_5,
          nicolae_snake_magic_snake_eye, serial_bayou_shore_b, uniq_saint_roka
Slime:1:  cheibrodos_slime_lost_civilization_8, layout_caves
Slime:2:  layout_caves
Slime:3:  layout_caves
Slime:4:  layout_caves, cheibrodos_slime_lost_civilization_4
Slime:5
Orc:1:    layout_diamond_mine, mines4_lemuel
Orc:2:    st_orc_congregation, layout_caves
Elf:1:    eino_elf_arrival_sip, layout_geoelf_diagonals, basic_altar,
          minmay_elf_crystal_hexagon, lemuel_upstairs_altar
Elf:2:    nicolae_elf_blades_crystal_corner, layout_geoelf_octagon,
          guppyfry_elf_lava
Elf:3:    elf_hall, layout_gridlike
Vaults:1: v_alt_pattern_4, hangedman_vaults_slice, nicolae_vaults_network_s,
          nicolae_vaults_border_crossing, vaults_room_grunt_arrival_checkpoint,
          v_rooms_5, nicolae_vaults_network_star, vaults_mumra_lcd,
          ontoclasm_vaults_loading_screen, nicolae_vaults_little_squares_4,
          layout_vaults_omnicross
Vaults:2: hangedman_vaults_restitches, v_alt_pattern_5,
          nicolae_vaults_mini_display_case, vaults_room_pool,
          hangedman_vaults_trim, v_misc_27, hangedman_vaults_restitches,
          nicolae_vaults_ring_of_whatevers, layout_vaults_omnigrid
Vaults:3: minmay_crypt_entry_skeletal_spiral, vaults_room_corners, v_misc_8,
          v_misc_17, nicolae_vaults_ring_of_whatevers, v_pattern_1,
          dpeg_vaults_monster_row, nicolae_vaults_windows_and_doors_thing,
          nicolae_vaults_little_squares_2, nicolae_vaults_network_quinsquares
          [nicolae_vaults_network_quincunx_subvault,
          nicolae_vaults_network_quincunx_subvault,
          nicolae_vaults_network_quincunx_subvault,
          nicolae_vaults_network_quincunx_subvault], grunt_vaults_hallway_short,
          v_misc_14, v_alt_pattern_2, vaults_room_mumra_shop_pool,
          vaults_dpeg_spiral, layout_vaults_omnibox, serial_shops,
          nicolae_shop_overgrown_old_shop, shop_fountains,
          nicolae_shop_waterfront, serial_hangedman_research,
          hangedman_research_probablistics, enter_trove_0
Vaults:4: nicolae_vaults_circle_grid_b, v_misc_13, nicolae_vaults_circle_grid_b,
          hangedman_vaults_stitches, vaults_room_pools, vaults_dpeg_hooks,
          v_pattern_4, vaults_room_stairs_pillars, nicolae_vaults_angled_halls,
          ontoclasm_vaults_gateway, vaults_room_semicircle,
          nicolae_vaults_specimen_jars, nicolae_vaults_asterisk,
          vaults_room_corners, layout_vaults_chaotic_city
Depths:1: layout_big_octagon, minmay_crystal_room, grunt_mini_vestibule,
          abyss_entry, serial_bayou_pond_b, minmay_gold_behind_fungi,
          grunt_ministairs_9, dk_noncrumbling_2, kennysheep_decorative_pillar,
          nicolae_uskayaw_suspiria
Depths:2: minmay_sliced_demisemicircle, layout_cave_shapes, minmay_misc_feat_x,
          hell_entry, grunt_pan_entry_spiral, abyss_entry_crystal,
          vehumet_crystals, infiniplex_staircase_zigzag_4
Depths:3: minmay_distorted_concentric_squares, layout_cave_shapes,
          enter_ziggurat_b, ashenzari_altar_1, pf_hell_entry_tar_spiral,
          special_room [special_room_jelly], abyss_entry, uniq_enchantress,
          uniq_xtahua
Depths:4: evilmike_zot_entry_diamond, layout_honeycomb, rand_demon_pan_entry_4,
          fedhas_altar_1, hell_entry, grunt_megastairs_5

Skill      XL: |  1  2  3  4  5  6  7  8  9 10 11 12 13 14 15 16 17 18 19 20 21 22 23 24 25 |
---------------+----------------------------------------------------------------------------+-----
Fighting       | 3 4 5 6 7 8 9 11 12 13 14 | 14.9
Polearms       | 3 4 5 6 7 8 9 10 11 12 13 14 | 14.0
Dodging        | 3 4 |  4.6
Armour         | 1 3 4 5 6 7 8 9 11 14 17 20 | 20.0
Spellcasting   | 3 4 6 7 8 9 13 16 17 | 17.1
Translocations | 3 5 7 9 |  9.8
Invocations    | 1 3 5 7 8 9 10 11 15 17 18 | 18.3
Evocations     | 2 4 5 6 |  6.1
Shields        | 3 7 9 |  9.0
Transmutations | 4 8 10 | 10.4
Earth Magic    | 4 8 10 | 10.4
Fire Magic     | 10 14 | 14.7
Throwing       | |  1.0

Action                   |  1- 3 |  4- 6 |  7- 9 | 10-12 | 13-15 | 16-18 | 19-21 | 22-24 | 25-27 || total
-------------------------+-------+-------+-------+-------+-------+-------+-------+-------+-------++-------
Melee: Spear             |   101 |   112 |   124 |       |       |       |       |       |       ||   337
       Mace              |       |    50 |       |       |       |       |       |       |       ||    50
       Trident           |       |       |    92 |   335 |   608 |  1215 |  1660 |  1456 |   333 ||  5699
Throw: Boomerang         |     3 |       |    10 |       |       |       |       |       |       ||    13
       Javelin           |       |       |     2 |       |       |       |       |       |       ||     2
       Dart              |       |       |       |    12 |     7 |     3 |     2 |     6 |     1 ||    31
 Cast: Blink             |       |       |       |     4 |     4 |    12 |       |     4 |     3 ||    27
       Manifold Assault  |       |       |       |    33 |    92 |   191 |     1 |       |     4 ||   321
Invok: Recall Ancestor   |       |       |       |     3 |     3 |     2 |     2 |     4 |     1 ||    15
       Ancestor Life: Kn |       |       |       |     1 |       |       |       |       |       ||     1
       Idealise          |       |       |       |       |     5 |    12 |     3 |    15 |     3 ||    38
       Transference      |       |       |       |       |     8 |     8 |    12 |     1 |     1 ||    30
 Abil: Evoke Invisibilit |       |       |       |       |       |     1 |       |       |       ||     1
Evoke: Wand              |       |       |       |     3 |     6 |    11 |    11 |    19 |    12 ||    62
       Condenser vane    |       |       |       |       |       |     2 |     2 |     1 |     1 ||     6
       Lightning rod     |       |       |       |       |       |       |       |     3 |     4 ||     7
  Use: Scroll            |       |       |     9 |     8 |    13 |     9 |     3 |     5 |     1 ||    48
       Potion            |       |       |     3 |     1 |     6 |     7 |     1 |     8 |     6 ||    32
 Stab: Sleeping          |     1 |       |       |       |       |       |       |       |       ||     1
       Distracted        |       |       |     1 |     3 |     3 |    13 |    21 |    33 |    11 ||    85
       Paralysed         |       |       |       |       |     3 |       |       |       |       ||     3
       Invisible         |       |       |       |       |       |     1 |       |       |       ||     1
       Petrified         |       |       |       |       |       |       |     1 |       |       ||     1
Armor: Robe              |    19 |    35 |     7 |       |       |       |       |       |       ||    61
       Steam dragon scal |       |       |    34 |   100 |   133 |    59 |       |       |       ||   326
       Gold dragon scale |       |       |       |       |       |   331 |   740 |   696 |    92 ||  1859
       Skin              |       |       |       |       |       |       |       |     5 |       ||     5
       Acid dragon scale |       |       |       |       |       |       |       |       |    42 ||    42
Dodge: Dodged            |    57 |    79 |    95 |   121 |   146 |   125 |   219 |   216 |    65 ||  1123
Block: Kite shield       |       |       |       |       |   115 |   339 |   653 |   616 |   138 ||  1861

Table legend: (Time is in decaauts)
 A = Elapsed time spent in this place.
 B = Non-inter-level travel time spent in this place.
 C = Inter-level travel time spent in this place.
 D = Time resting spent in this place.
 E = Time spent auto-exploring this place.
 F = Levels seen in this place.
 G = Mean time per level.
                   A        B        C        D        E       F      G
               +--------+--------+--------+--------+--------+-----+--------+
         Total |  58432 |  52561 |   5871 |   9925 |  27696 |  59 |  990.4 |
       Dungeon |  18908 |  16424 |   2484 |   2951 |  10136 |  15 | 1260.5 |
        Temple |    279 |    243 |     36 |      0 |    207 |   1 |  279.0 |
          Lair |  10458 |   9069 |   1389 |   2274 |   5171 |   6 | 1743.0 |
         Swamp |   5392 |   5289 |    103 |   1884 |   2143 |   4 | 1348.0 |
     Snake Pit |   4647 |   4465 |    182 |    535 |   2229 |   4 | 1161.8 |
    Slime Pits |   1378 |   1339 |     39 |    525 |    106 |   5 |  275.6 |
  Orcish Mines |   2326 |   2003 |    323 |    856 |    529 |   2 | 1163.0 |
   Elven Halls |   2821 |   2450 |    371 |     80 |   1135 |   3 |  940.3 |
        Vaults |   5178 |   4759 |    419 |    200 |   3073 |   4 | 1294.5 |
        Depths |   5010 |   4490 |    520 |    406 |   2528 |   4 | 1252.5 |
         Abyss |   1005 |   1005 |      0 |     73 |     68 |   9 |  111.7 |
      Ice Cave |    760 |    760 |      0 |     82 |    327 |   1 |  760.0 |
       Volcano |    265 |    265 |      0 |     55 |     41 |   1 |  265.0 |
               +--------+--------+--------+--------+--------+-----+--------+

Top non-repeatable levels by time:
 Swamp:4: 2448 daAuts
  Lair:6: 2125 daAuts
  Lair:4: 2045 daAuts
     D:4: 1928 daAuts
  Lair:1: 1787 daAuts
  Lair:5: 1761 daAuts
   Orc:2: 1658 daAuts
     D:3: 1652 daAuts
     D:2: 1600 daAuts
    D:11: 1580 daAuts
 Swamp:2: 1544 daAuts
 Snake:4: 1498 daAuts
Vaults:3: 1490 daAuts
     D:9: 1471 daAuts
  Lair:3: 1423 daAuts
